 Dungeon Crawl Stone Soup version 0.31.0-11-ge490571c62 (webtiles) character file.

Game seed: 3091376894723427541

25533 Arctor the Arsonist (level 12, -17/75 HPs)
             Began as a Deep Elf Fire Elementalist on Feb 2, 2024.
             Was a High Priest of Vehumet.
             Demolished by a large slime creature (31 damage)
             ... on level 13 of the Dungeon.
             The game lasted 00:25:14 (17465 turns).

Arctor the Arsonist (Deep Elf Fire Elementalist)   Turns: 17465, Time: 00:25:14

Health: -17/75     AC: 16    Str:  5    XL:     12   Next: 90%
Magic:  7/27       EV: 16    Int: 26    God:    Vehumet [*****.]
Gold:   700        SH:  4    Dex: 15    Spells: 15/30 levels left

rFire   . . .        r - +2 dagger (chaos)
rCold   + . .        (no shield)
rNeg    . . .        a - +0 robe
rPois   .            (no helmet)
rElec   .            I - +0 cloak "Xysim" {rC+}
rCorr   .            (no gloves)
SInv    .            k - +2 pair of boots
Will    +....        n - amulet of regeneration
Stlth   ++++         c - +4 ring of protection
HPRegen 1.12/turn    y - +4 ring of protection
MPRegen 0.20/turn

%: no passive effects
@: no status effects
A: iridescent scales 1, large bone plates 1, screaming 1, no potion heal 1
a: Renounce Religion


You were on level 13 of the Dungeon.
You worshipped Vehumet.
Vehumet was extremely pleased with you.
You visited 2 branches of the dungeon, and saw 14 of its levels.
You also visited: Ossuary.

You collected 700 gold pieces.

Inventory:

Hand Weapons
 r - a +2 dagger of chaos (weapon)
Armour
 a - a +0 robe (worn)
 k - a +2 pair of boots (worn)
 I - the +0 cloak "Xysim" (worn) {rC+}
   (You found it on level 12 of the Dungeon)

   rC+:       It protects you from cold.
Jewellery
 c - a +4 ring of protection (left hand)
 j - a ring of flight
 l - a +6 ring of intelligence
 n - an amulet of regeneration (around neck)
 q - a ring of fire
 u - a ring of poison resistance
 y - a +4 ring of protection (right hand)
 E - a ring of willpower
Wands
 d - a wand of acid (16)
 g - a wand of iceblast (7)
 p - a wand of paralysis (13)
 w - a wand of polymorph (19)
 A - a wand of mindburst (19)
 B - a wand of flame (9)
Scrolls
 e - 4 scrolls of teleportation
 h - 3 scrolls of immolation
 i - 4 scrolls of enchant armour
 m - 8 scrolls of identify
 o - a scroll of brand weapon
 s - a scroll of enchant weapon
 t - 2 scrolls of vulnerability
 x - a scroll of summoning
 z - 3 scrolls of revelation
 D - a scroll of blinking {unknown}
 G - a scroll of amnesia
Potions
 b - a potion of attraction
 f - 4 potions of curing
 v - a potion of magic
 C - a potion of berserk rage {unknown}
 F - 2 potions of might {unknown}
 H - 2 potions of invisibility {unknown}
 J - a potion of haste


   Skills:
 - Level 8.5 Fighting
 - Level 8.7 Dodging
 - Level 9.4 Stealth
 - Level 9.5 Spellcasting
 + Level 10.0 Conjurations
 + Level 10.4 Fire Magic
 - Level 10.0 Evocations


You had 15 spell levels left.
You knew the following spells:

 Your Spells              Type           Power      Damage    Failure   Level
a - Foxfire               Conj/Fire      100%       2x1d9     1%          1
b - Scorch                Fire           100%       2d9       1%          2
c - Inner Flame           Hex/Fire       39%        N/A       1%          3
d - Flame Wave            Conj/Fire      60%        2d14      1%          4
e - Volatile Blastmotes   Fire/Tloc      78%        2d16      1%          3
f - Searing Ray           Conj           100%       2d8       1%          2

Your spell library contained the following spells:

 Spells                   Type           Power      Damage    Failure   Level
 Yara's Violent Unravell  Hex/Alch       6%         3d5       32%         5


Dungeon Overview and Level Annotations

Branches:
Dungeon (13/15)            Temple (1/1) D:6            Lair (0/5) D:10
    Orc (0/2) D:12        Ossuary (visited)
 Vaults: D:13-14

Altars:
Ashenzari
Cheibriados
Dithmenos
Elyvilon
Fedhas
Gozag
Hepliaklqana
Kikubaaqudgha
Makhleb
Nemelex Xobeh
Okawaru
Qazlal
Ru
Sif Muna
Trog
Uskayaw
Vehumet
Wu Jian
Xom
Yredelemnul
Zin
The Shining One

Portals:
Trove: D:12 (give 18 potions of curing)

Annotations:
D:8 1 runed translucent door, puppykicker's ghost, novice VSNe
D:9 2 transporters, Splishie's ghost, novice DrSh
D:10 3 runed translucent doors, Buffagor's ghost, journeyman MfSh; TheBioAlchemist's ghost, journeyman TeAE; VoidStrider's ghost, journeyman TeAE; yey's ghost, weakling FoFi


Innate Abilities, Weirdness & Mutations

You are partially covered in iridescent scales. (AC +2)
You are partially covered in large bone plates. (SH +4)
You occasionally shout uncontrollably at your foes.
Potions are less effective at restoring your health.


Message History

The centaur warrior hits you but does no damage.
The centaur warrior kicks you but does no damage.
The centaur warrior hits you but does no damage.
The centaur warrior closely misses you.
The very large slime creature barely misses you.
You conjure some foxfire!
The centaur warrior hits you but does no damage.
The centaur warrior closely misses you.
The very large slime creature hits you!!
* * * LOW HITPOINT WARNING * * *
Casting: Foxfire (safe; 1% risk of failure)
Confirm with . or Enter, or press ? or * to list all spells.
Flames lash the centaur warrior.
The centaur warrior is burned terribly!
The centaur warrior is almost dead.
The foxfire hits the centaur warrior.
The centaur warrior is burned terribly!
You kill the centaur warrior!
Vehumet accepts your kill.
You feel your power returning.
The foxfire hits the very large slime creature.
The very large slime creature is heavily wounded.
A very large slime creature splits.
Your Conjurations skill increases to level 10!
You are too injured to fight recklessly!
Casting: Scorch (safe; 1% risk of failure)
Confirm with . or Enter, or press ? or * to list all spells.
Flames lash the large slime creature.
The large slime creature is severely wounded.
The large slime creature's fire resistance burns away.
The large slime creature closely misses you.
The slime creature hits you!
* * * LOW HITPOINT WARNING * * *
You are too injured to fight recklessly!
You are too injured to fight recklessly!
Casting: Scorch (safe; 1% risk of failure)
Confirm with . or Enter, or press ? or * to list all spells.
Okay, then.
Your system partially rejects the healing.
You feel better. The slime creature closely misses you.
The large slime creature hits you!!
You die...

#..#
#..##...##..
#..#
#..##...##..
#.<#
#..##...##..
#..#
#..##...##..
#..#
#..##...##..
#..#
#..##...##..
#..#
#...##..
#..#
#...##..
#@.#
#...##..
......JJ.#
#...##..
.........#
#...##..
.....###.#
#...##..
..... #.#
#.......
.... #.#
#..>#... ...
.# #.
#...#... ...
.# #..
#..[#..#
#..##...#..#


You could see a large slime creature (combustible) and a slime creature.

Vanquished Creatures
  Josephine (D:11)
  5 centaur warriors
  A boulder beetle (D:12)
  9 two-headed ogres
  A tengu warrior (D:12)
  Sonja (D:11)
  A deep elf pyromancer (D:13)
  A manticore (D:8)
  3 cyclopes
  A gargoyle (D:11)
  Maggie (D:8)
  A komodo dragon (D:12)
  2 kobold demonologists (D:11)
  A tengu conjurer (D:12)
  Psyche (D:8)
  An unseen horror (D:11)
  2 trolls (D:12)
  Prince Ribbit (D:8)
  A shadow (D:10)
  A vampire (D:12)
  18 yaks
  A wyvern (D:9)
  2 steam dragons
  4 wraiths
  7 vampire mosquitoes (D:12)
  An acid dragon (D:8)
  5 water moccasins
  7 orc warriors
  2 sky beasts
  2 ice beasts
  A black bear (D:7)
  An ogre (D:5)
  4 centaurs
  A weeping skull (Ossuary)
  Blork the orc (D:5)
  2 kobold brigands
  6 bullfrogs
  A gnoll sergeant (D:8)
  3 scorpions
  6 water moccasin zombies (Ossuary)
  7 wights
  15 killer bees
  4 howler monkeys
  A bombardier beetle (D:6)
  8 orc priests
  3 hounds
  A jelly (D:4)
  An iguana (D:7)
  A sleepcap (D:5)
  17 orc wizards
  3 crocodile zombies (Ossuary)
  2 mummies (Ossuary)
  5 adders
  3 gnolls (D:8)
  A shadow imp (D:8)
  A white imp (D:8)
  An ufetubus (D:3)
  3 adder zombies (Ossuary)
  A ribbon worm (D:5)
  4 dart slugs
  61 orcs
  7 bats
  4 endoplasms
  4 giant cockroaches
  6 goblins
  5 hobgoblins
  15 kobolds
  2 quokkas
  6 ball pythons
  A frilled lizard (D:3)
  5 gnoll zombies (Ossuary)
  5 jackal zombies (Ossuary)
  4 orc zombies (Ossuary)
  5 rats
323 creatures vanquished.

Vanquished Creatures (collateral kills)
  2 foxfires
2 creatures vanquished.

Vanquished Creatures (others)
  A white imp (D:8)
  An orc (D:6)
  2005 foxfires
2007 creatures vanquished.

Grand Total: 2332 creatures vanquished

Notes
Turn   | Place    | Note
-------+----------+-------------------------------------------
     0 | D:1      | Arctor the Deep Elf Fire Elementalist began the quest for
                  | the Orb.
     0 | D:1      | Reached XP level 1. HP: 10/10 MP: 6/6
   277 | D:1      | Reached XP level 2. HP: 15/15 MP: 2/8
   945 | D:1      | Learned a level 2 spell: Scorch
  1276 | D:1      | Reached XP level 3. HP: 19/19 MP: 4/9
  2286 | D:2      | Found a faded altar of an unknown god.
  2892 | D:3      | Noticed an ogre
  2895 | D:3      | Reached XP level 4. HP: 24/24 MP: 7/11
  3626 | D:4      | Reached XP level 5. HP: 28/28 MP: 9/13
  4323 | D:4      | You fall into a shaft and drop 1 floor!
  4323 | D:5      | Entered Level 5 of the Dungeon
  4366 | D:5      | Noticed an ogre
  4371 | D:5      | Killed an ogre
  4372 | D:5      | Reached XP level 6. HP: 32/32 MP: 8/15
  4517 | D:5      | Noticed a water moccasin
  4520 | D:5      | Killed a water moccasin
  4521 | D:5      | Reached skill level 5 in Spellcasting
  4535 | D:5      | Reached XP level 7. HP: 26/36 MP: 2/16
  4651 | D:5      | Reached skill level 5 in Stealth
  4684 | D:5      | Found a hazy altar of Hepliaklqana.
  4781 | D:5      | Reached skill level 5 in Fire Magic
  4894 | D:5      | Reached skill level 5 in Dodging
  4983 | D:5      | Noticed Blork the orc
  4992 | D:5      | Killed Blork the orc
  5548 | D:6      | Reached XP level 8. HP: 41/41 MP: 13/19
  5624 | D:6      | Found a staircase to the Ecumenical Temple.
  5723 | Temple   | Entered the Ecumenical Temple
  5755 | Temple   | Became a worshipper of Vehumet
  5848 | D:6      | Found a sand-covered staircase.
  5910 | Ossuary  | Entered an ossuary
  5969 | Ossuary  | Reached skill level 5 in Conjurations
  6312 | Ossuary  | Reached * piety under Vehumet
  6312 | Ossuary  | Offered knowledge of Shock by Vehumet.
  7066 | D:6      | Learned a level 3 spell: Inner Flame
  7070 | D:6      | Reached XP level 9. HP: 45/45 MP: 16/22
  7075 | D:6      | Learned a level 4 spell: Flame Wave
  7569 | D:5      | Gained mutation: You are partially covered in large bone
                  | plates. (SH +4) [potion of mutation]
  7569 | D:5      | Gained mutation: You do not regenerate when monsters are
                  | visible. [potion of mutation]
  8075 | D:7      | Found a snail-covered altar of Cheibriados.
  8553 | D:7      | Reached ** piety under Vehumet
  8554 | D:7      | Offered knowledge of Sting by Vehumet.
  9604 | D:8      | Noticed Prince Ribbit
  9608 | D:8      | Killed Prince Ribbit
  9776 | D:8      | Found a runed translucent door.
  9782 | D:8      | Reached XP level 10. HP: 50/50 MP: 19/24
 10155 | D:8      | Offered knowledge of Searing Ray by Vehumet.
 10228 | D:8      | Learned a level 3 spell: Volatile Blastmotes
 10302 | D:8      | Noticed Psyche
 10307 | D:8      | Killed Psyche
 10353 | D:8      | Found a blossoming altar of Fedhas.
 10414 | D:8      | Noticed a two-headed ogre
 10427 | D:8      | Noticed Maggie
 10522 | D:7      | Learned a level 2 spell: Searing Ray
 10531 | D:8      | Found a shimmering altar of Xom.
 10531 | D:8      | Noticed puppykicker's ghost (novice VSNe)
 10531 | D:8      | Noticed a +1 trident of chaos
 10551 | D:8      | Reached *** piety under Vehumet
 10639 | D:8      | Noticed a cyclops
 10684 | D:8      | Killed a cyclops
 10709 | D:8      | Noticed a centaur warrior
 10719 | D:8      | Killed a centaur warrior
 10813 | D:8      | Killed a two-headed ogre
 10886 | D:8      | Reached skill level 5 in Fighting
 10906 | D:8      | Noticed a centaur warrior
 10916 | D:8      | Killed a centaur warrior
 11010 | D:8      | Noticed a two-headed ogre
 11018 | D:8      | Killed a two-headed ogre
 11019 | D:8      | Reached XP level 11. HP: 31/64 MP: 15/26
 11022 | D:8      | Killed Maggie
 11689 | D:8      | Lost mutation: You are partially covered in large bone
                  | plates. (SH +4) [potion of mutation]
 11689 | D:8      | Lost mutation: You do not regenerate when monsters are
                  | visible. [potion of mutation]
 11689 | D:8      | Gained mutation: Armour fits poorly on your strangely
                  | shaped body. [potion of mutation]
 11689 | D:8      | Gained mutation: Your spells are a little easier to cast,
                  | but a little less powerful. [potion of mutation]
 11689 | D:8      | Gained mutation: You are partially covered in iridescent
                  | scales. (AC +2) [potion of mutation]
 11829 | D:9      | Found a transporter.
 11829 | D:9      | Noticed a boulder beetle
 11836 | D:9      | Noticed Splishie's ghost (novice DrSh)
 11899 | D:9      | Offered knowledge of Ignite Poison by Vehumet.
 12111 | D:9      | Found a transporter.
 12717 | D:9      | Found a hide-covered altar of Uskayaw.
 12718 | D:9      | Found a basalt altar of Yredelemnul.
 12729 | D:9      | Found a white marble altar of Elyvilon.
 13275 | D:10     | Entered Level 10 of the Dungeon
 13326 | D:10     | Noticed a two-headed ogre
 13545 | D:10     | Reached skill level 1 in Evocations
 13896 | D:10     | Killed a two-headed ogre
 13954 | D:10     | Noticed a two-headed ogre
 13980 | D:10     | Killed a two-headed ogre
 13980 | D:10     | Reached **** piety under Vehumet
 13981 | D:10     | Reached skill level 5 in Evocations
 14059 | D:10     | Found a runed translucent gate.
 14059 | D:10     | Found a runed translucent gate.
 14059 | D:10     | Found a runed translucent gate.
 14059 | D:10     | Noticed VoidStrider's ghost (journeyman TeAE)
 14059 | D:10     | Noticed TheBioAlchemist's ghost (journeyman TeAE)
 14060 | D:10     | Noticed Buffagor's ghost (journeyman MfSh)
 14107 | D:10     | Noticed yey's ghost (weakling FoFi)
 14137 | D:10     | Found an ornate altar of the Wu Jian Council.
 14372 | D:10     | Found a staircase to the Lair.
 14373 | D:10     | Noticed a two-headed ogre
 14381 | D:10     | Killed a two-headed ogre
 14562 | D:11     | Lost mutation: Your spells are a little easier to cast, but
                  | a little less powerful. [potion of mutation]
 14562 | D:11     | Lost mutation: Armour fits poorly on your strangely shaped
                  | body. [potion of mutation]
 14562 | D:11     | Gained mutation: Potions are less effective at restoring
                  | your health. [potion of mutation]
 14562 | D:11     | Gained mutation: You occasionally shout uncontrollably at
                  | your foes. [potion of mutation]
 14562 | D:11     | Gained mutation: You are partially covered in large bone
                  | plates. (SH +4) [potion of mutation]
 14695 | D:11     | Noticed Sonja
 14704 | D:11     | Killed Sonja
 14708 | D:11     | Noticed a sixfirhy
 14716 | D:11     | Reached XP level 12. HP: 28/75 MP: 16/27
 14818 | D:11     | Noticed a two-headed ogre
 14826 | D:11     | Killed a two-headed ogre
 15149 | D:11     | Noticed a two-headed ogre
 15164 | D:11     | Killed a two-headed ogre
 15313 | D:11     | Noticed Josephine
 15347 | D:11     | Killed Josephine
 15347 | D:11     | Offered knowledge of Sticky Flame by Vehumet.
 15463 | D:12     | Reached skill level 10 in Evocations
 15640 | D:12     | Noticed a boulder beetle
 15657 | D:12     | Killed a boulder beetle
 15766 | D:12     | Identified the +0 cloak "Xysim" {rC+}
 15890 | D:12     | Noticed a centaur warrior
 16180 | D:12     | Killed a centaur warrior
 16231 | D:12     | Found a staircase to the Orcish Mines.
 16369 | D:12     | Noticed a two-headed ogre
 16376 | D:12     | Killed a two-headed ogre
 16376 | D:12     | Reached ***** piety under Vehumet
 16505 | D:12     | Offered knowledge of Yara's Violent Unravelling by Vehumet.
 16562 | D:12     | Found a portal to a secret trove of treasure.
 16767 | D:12     | Noticed a tengu warrior
 16773 | D:12     | Killed a tengu warrior
 16919 | D:12     | Noticed a two-headed ogre
 16926 | D:12     | Killed a two-headed ogre
 16927 | D:12     | Reached skill level 10 in Fire Magic
 17247 | D:13     | Noticed a centaur warrior
 17256 | D:13     | Killed a centaur warrior
 17446 | D:13     | Noticed a centaur warrior
 17463 | D:13     | Killed a centaur warrior
 17464 | D:13     | Reached skill level 10 in Conjurations
 17465 | D:13     | Demolished by a large slime creature

Illustrated notes

Levels and vault maps discovered:
D:1:      lemuel_arrival_behind_the_door_large, layout_loops_ring,
          nicolae_concentric_dashed_squares_wild, kennysheep_another_room
D:2:      layout_loops_ring, chequers_ecumenical_altar_grove,
          serial_bayou_lagoon_a, feat_on_display
D:3:      layout_basic, serial_forest, infiniplex_forest_fountain,
          infiniplex_forest_lined_room_3, infiniplex_forest_end_2,
          infiniplex_forest_straight_1, infiniplex_forest_lined_2,
          chequers_avenue, moated_statue, uniq_natasha
D:4:      layout_cave_pods
D:5:      layout_rooms, nzn_hepliaklqana_mist_gate, uniq_blork_the_orc
D:6:      layout_loops_ring, minmay_temple_entry_proselytizer, enter_ossuary_2,
          minmay_misc_feat_encased
D:7:      layout_loops_corners, amcnicky_altar_gilded
D:8:      nzn_winding_woodlands_small [nzn_winding_woodlands_5x15_crooked,
          nzn_winding_woodlands_center_pierced_h,
          nzn_winding_woodlands_5x15_pool], layout_cave_pools,
          fedhas_ov_isle_minmay, ebering_ghost_xom, uniq_prince_ribbit1,
          uniq_psyche, uniq_maggie
D:9:      layout_stronghold, chequers_temple_overflow_statue_of_worship,
          gammafunk_ghost_arena
D:10:     layout_rooms, mainiacjoe_overflow_concentric_impassable,
          lair_entry_dummy, gammafunk_ghost_cemetery
D:11:     layout_loops_ring, uniq_gastronok, uniq_josephine, uniq_sonja
D:12:     layout_long_grid, david_orc_5, enter_trove_0
D:13:     minmay_cut_squares, layout_long_grid
Temple:   regret_index_temple_waves

Skill      XL: |  1  2  3  4  5  6  7  8  9 10 11 12 |
---------------+-------------------------------------+-----
Stealth        | 3 4 6 7 8 9 |  9.4
Dodging        | 3 4 5 6 8 |  8.7
Conjurations   | 2 3 4 5 7 10 | 10.0
Spellcasting   | 4 5 6 7 8 9 |  9.5
Fire Magic     | 4 5 6 7 8 10 | 10.4
Fighting       | 6 8 |  8.5
Evocations     | 7 10 | 10.0

Action                     |  1- 3 |  4- 6 |  7- 9 | 10-12 || total
---------------------------+-------+-------+-------+-------++-------
  Melee: Unarmed           |    17 |    14 |    12 |       ||    43
         Dagger            |       |       |       |    37 ||    37
   Cast: Foxfire           |   165 |   103 |   351 |   641 ||  1260
         Scorch            |     8 |    12 |    97 |   239 ||   356
         Searing Ray       |       |       |       |     6 ||     6
         Flame Wave        |       |       |       |     1 ||     1
         Volatile Blastmot |       |       |       |     1 ||     1
         Inner Flame       |       |       |       |     1 ||     1
    Use: Scroll            |       |     6 |     7 |     2 ||    15
         Potion            |       |     3 |     5 |     7 ||    15
   Stab: Sleeping          |     1 |       |       |       ||     1
 Armour: Robe              |    22 |    59 |   132 |   366 ||   579
  Dodge: Dodged            |    32 |    75 |   140 |   312 ||   559
  Block: Other             |       |       |    16 |    51 ||    67
